 Dungeon Crawl Stone Soup version 0.17.1-2-g5865329 (webtiles) character file.

373 Gargoyl the Skirmisher (level 6, -1/50 HPs)
             Began as a Demonspawn Abyssal Knight on Feb 10, 2016.
             Was a Believer of Lugonu.
             Slain by an ice beast (14 damage)
             ... on level 4 of the Dungeon.
             The game lasted 00:05:46 (4233 turns).

Gargoyl the Skirmisher (Demonspawn Abyssal Knight)  Turns: 4233, Time: 00:05:48

Health: -1/50      AC:  9    Str: 18    XL:     6   Next: 43%
Magic:  8/8        EV:  8    Int: 13    God:    Lugonu [**....]
Gold:   158        SH:  0    Dex: 12    Spells: 0 memorised, 5 levels left

rFire  . . .     SeeInvis .     a - +1 hand axe
rCold  . . .     Clarity  .     j - +0 chain mail
rNeg   + . .     SustAt   .     (no shield)
rPois  .         Gourm    .     (no helmet)
rElec  .         Spirit   .     (no cloak)
rCorr  .         Warding  .     (no gloves)
rMut   .         Stasis   .     (no boots)
MR     .....                    (no amulet)
Stlth  ..........               m - +3 ring of strength
                                i - ring of positive energy

@: not resistant to hostile enchantments, extremely unstealthy
A: foul stench 1, rot immunity
a: Depart the Abyss, Bend Space, Renounce Religion


You were on level 4 of the Dungeon.
You worshipped Lugonu.
Lugonu was pleased with you.
You were not hungry.

You visited 1 branch of the dungeon, and saw 5 of its levels.
You visited the Abyss 1 time.
You also visited: Sewer.

You collected 158 gold pieces.

Inventory:

Hand Weapons
 a - a +1 hand axe (weapon)
Missiles
 u - 21 poisoned needles
Armour
 j - a +0 chain mail (worn)
Jewellery
 i - a ring of positive energy (left hand)
 m - a +3 ring of strength (right hand)
 r - an uncursed ring of see invisible
Wands
 n - a wand of digging (8)
 y - a wand of hasting (4)
Scrolls
 b - 4 scrolls of random uselessness {unknown}
 c - 3 scrolls of remove curse {unknown}
 k - 3 scrolls of enchant weapon {unknown}
 l - a scroll of amnesia {unknown}
 o - 2 scrolls of teleportation {unknown}
 v - a scroll of identify {unknown}
 x - a scroll of enchant armour {unknown}
Potions
 d - a potion of lignification {unknown}
 e - 2 potions of mutation {unknown}
 h - 2 potions of invisibility {unknown}
 p - 2 potions of flight {unknown}
 q - a potion of might {unknown}
 t - 2 potions of brilliance {unknown}
 w - 4 potions of curing {unknown}
 A - 2 potions of magic {unknown}
Comestibles
 f - 2 meat rations
 g - 3 beef jerkies
 s - 2 bread rations


   Skills:
 + Level 4.8 Fighting
 + Level 3.1 Axes
 + Level 3.6 Armour
 + Level 2.1 Dodging
 + Level 0.4 Stealth
 + Level 3.0 Invocations


You had 5 spell levels left.
You didn't know any spells.

Dungeon Overview and Level Annotations

Branches:
Dungeon (5/15)
 Temple: D:4-7

Altars:
Dithmenos
Makhleb
Nemelex Xobeh
Vehumet
Xom
Zin


Innate Abilities, Weirdness & Mutations

You may emit foul miasma when damaged in melee.
You are immune to rotting.


Message History

The ice beast closely misses you.
You hit the ice beast but do no damage.
The ice beast hits you but does no damage.
You hit the ice beast.
The ice beast is lightly wounded.
The ice beast hits you but does no damage.
You hit the ice beast.
The ice beast is lightly wounded.
The ice beast hits you. The ice beast freezes you.
The ice beast looks sick.
You hit the ice beast but do no damage.
The ice beast is lightly wounded.
The ice beast hits you. The ice beast freezes you.
You hit the ice beast.
The ice beast is moderately wounded.
The ice beast hits you. The ice beast freezes you!
* * * LOW HITPOINT WARNING * * *
The ice beast hits you.
* * * LOW HITPOINT WARNING * * *
The ice beast freezes you!
You die...

#####.............##...........#
##.....########..........###...#
...#....##......##.......# #..##
...........#######......####.##
..##....#### ##......# #..#
.###....# #####.......###.## .#
#....# #........⌠..##..###
.###....## ##.#..##>..........###
.........###..#Y@....#...........
...#####...#....###.#..##........
..########....#.# #...###........
.......# #..#.#.# #..## #####.###
#......###..#.#.# #..# #.#
#......##...#.#.###..# #.#
#.......#.#.#...#...## #.#
#.........#....##...# #.#
#......#..........### #.##


You could see an ice beast.

Vanquished Creatures
  Purgy (Sewer)
  A big kobold (Sewer)
  2 hounds (D:4)
  A worker ant (D:4)
  4 gnolls (D:4)
  2 river rats (D:3)
  An ooze (D:1)
  3 worms
  3 giant geckos
  7 bats
  9 giant cockroaches
  7 hobgoblins
  2 kobolds
  3 quokkas
  3 ball pythons
  6 giant newts
  8 goblins
  6 rats
69 creatures vanquished.

Notes
Turn   | Place    | Note
--------------------------------------------------------------
     0 | Abyss:1  | Gargoyl the Demonspawn Abyssal Knight began the quest for the Orb.
     0 | Abyss:1  | Reached XP level 1. HP: 18/18 MP: 2/2
   118 | Abyss:1  | Noticed a large abomination
   119 | D:1      | Escaped the Abyss
   227 | D:1      | Reached * piety under Lugonu
   242 | D:1      | Reached skill level 1 in Dodging
   248 | D:1      | Gained mutation: You are immune to rotting. [demonic ancestry]
   248 | D:1      | Reached XP level 2. HP: 6/24 MP: 3/3
  1330 | D:2      | Found a sparkling altar of Nemelex Xobeh.
  1335 | D:2      | Reached XP level 3. HP: 26/29 MP: 5/5
  1445 | D:2      | Found a shadowy altar of Dithmenos.
  1460 | D:2      | Found a burning altar of Makhleb.
  1462 | D:2      | Found a radiant altar of Vehumet.
  1557 | D:2      | Found a glowing silver altar of Zin.
  2068 | D:3      | Found a glowing drain.
  2097 | D:3      | Reached ** piety under Lugonu
  2106 | D:3      | Reached skill level 4 in Fighting
  2120 | D:3      | Gained mutation: You may emit foul miasma when damaged in melee. [demonic ancestry]
  2120 | D:3      | Reached XP level 4. HP: 11/37 MP: 6/6
  2129 | Sewer    | Entered a sewer
  2364 | Sewer    | Noticed Purgy
  2370 | Sewer    | Killed Purgy
  2370 | Sewer    | Reached XP level 5. HP: 24/42 MP: 7/7
  2557 | Sewer    | Noticed a big kobold
  2580 | Sewer    | Killed a big kobold
  2738 | D:3      | Found a shimmering altar of Xom.
  3010 | D:3      | Found a shimmering altar of Xom.
  3011 | D:3      | Found a shimmering altar of Xom.
  3012 | D:3      | Found a shimmering altar of Xom.
  3019 | D:3      | Found a shimmering altar of Xom.
  3020 | D:3      | Found a shimmering altar of Xom.
  3262 | D:4      | Reached XP level 6. HP: 39/49 MP: 8/8
  4045 | D:5      | Entered Level 5 of the Dungeon
  4233 | D:4      | Slain by an ice beast

Action                   |  1- 3 |  4- 6 || total
-------------------------+-------+-------++-------
Melee: Hand axe          |   149 |   142 ||   291
Invok: Depart the Abyss  |     1 |       ||     1
  Eat: Bread ration      |     1 |       ||     1
       Chunk             |       |     7 ||     7
